 Dungeon Crawl Stone Soup version 0.28-a0-1389-gc726bef33b (webtiles) character file.

Game seed: 17919612610331323172

231 Grim the Cudgeller (level 5, -4/45 HPs)
             Began as a Minotaur Berserker on Jan 3, 2022.
             Was a Follower of Trog.
             Slain by a gnoll (5 damage)
             ... on level 4 of the Dungeon.
             The game lasted 00:02:21 (3018 turns).

Grim the Cudgeller (Minotaur Berserker)             Turns: 3018, Time: 00:02:21

Health: -4/45      AC:  3    Str: 23    XL:     5   Next: 73%
Magic:  4/4        EV: 12    Int:  1    God:    Trog [*.....]
Gold:   100        SH:  0    Dex: 10    Spells: 4/4 levels left

rFire   . . .      SeeInvis .   n - +9 mace "Backscratcher" {drain, rN+++ Str+2 Int-5}
rCold   . . .      Faith    .   (no shield)
rNeg    + + +      Spirit   .   b - +0 animal skin
rPois   .          Reflect  .   (helmet restricted)
rElec   .          Harm     .   m - +0 cloak
rCorr   .          Rampage  .   (no gloves)
Will    .....                   (no boots)
Stlth   +.........              (no amulet)
HPRegen 0.15/turn               (no ring)
MPRegen 0.09/turn               (no ring)

@: on berserk cooldown, slowed, very slow
A: horns 2, retaliatory headbutt
a: Renounce Religion, Berserk


You were on level 4 of the Dungeon.
You worshipped Trog.
Trog was aware of your devotion.
You visited 1 branch of the dungeon, and saw 4 of its levels.

You collected 100 gold pieces.

Inventory:

Hand Weapons
 a - a +0 mace
 l - a +6 club
 n - the +9 mace "Backscratcher" (weapon) {drain, rN+++ Str+2 Int-5}
   (You found it on level 2 of the Dungeon)

   A truly terrible weapon, it drains the life of any living foe it strikes.
   Str:       It affects your strength (+2).
   Int:       It affects your intelligence (-5).
   rN:        It renders you almost immune to negative energy.
Missiles
 d - 30 poisoned darts (quivered)
 i - a throwing net
Armour
 b - a +0 animal skin (worn)
 m - a +0 cloak (worn)
Jewellery
 h - an amulet of faith
Wands
 p - a wand of acid (4)
Scrolls
 c - a scroll of enchant armour {unknown}
 e - 4 scrolls of teleportation {unknown}
 g - 5 scrolls of identify {unknown}
 o - a scroll of fog {unknown}
Potions
 f - a potion of lignification {unknown}
 j - a potion of cancellation {unknown}
 k - a potion of flight {unknown}
 q - a potion of experience {unknown}


   Skills:
 - Level 3.6 Fighting
 + Level 7.9 Maces & Flails
 - Level 2.4 Armour
 - Level 2.1 Dodging


You had 4 spell levels left.
You didn't know any spells.
Your spell library was empty.

Dungeon Overview and Level Annotations

Branches:
Dungeon (4/15)
 Temple: D:4-7

Altars:


Innate Abilities, Weirdness & Mutations

You have a pair of horns on your head.
You reflexively headbutt those who attack you in melee.


Message History

The phantom closely misses you.
The gnoll shouts!
You sock the phantom!
The phantom is almost destroyed.
You hear a shout!
A gnoll comes into view. It is wielding a +0 spear.
You thump the phantom!
You destroy the phantom!
Trog accepts your kill.
An adder comes into view.
The adder hisses angrily.
You hear an angry hiss.
The gnoll hits you from afar with a +2 vorpal spear.
You feel a strong urge to attack something.
An iguana comes into view.
The gnoll misses you.
You see here a smoky pink potion.
You hit the gnoll. You drain the gnoll.
The gnoll is severely wounded.
You thump the gnoll!
You kill the gnoll!
Trog accepts your kill.
You are no longer berserk.
You are exhausted.
You feel yourself slow down.
The gnoll hits you with a +2 vorpal spear!
The gnoll barely misses you.
The gnoll hits you from afar with a +2 vorpal spear.
* * * LOW HITPOINT WARNING * * *
x2 The gnoll hits you from afar with a +0 spear.
* * * LOW HITPOINT WARNING * * *
The gnoll hits you from afar with a +2 vorpal spear.
* * * LOW HITPOINT WARNING * * *
x2 Unknown command.
The gnoll hits you with a +0 club.
* * * LOW HITPOINT WARNING * * *
The gnoll hits you from afar with a +0 spear!
* * * LOW HITPOINT WARNING * * *
The adder barely misses you. The gnoll closely misses you.
The gnoll hits you with a +0 club.
You die...

...... ....... ### #.
........# #.##... ...
#.####..# #..# #.##... ...
........###..###.##...
...#.#...................
#.#.#..#..# #..........#
...#g.#..###..........#
##.#.#)#.S#$.##...........#
.......lgg@..............##
...#...#..#..##.##..#.#....
#............##..#......
.........>.##.##......###
..........#..##.##.####.#
...........!.^.... #.#
.....##.#.#####.# #.# ...#.
#.#.. #(# #.


You could see an iguana, 3 gnolls and an adder.

Vanquished Creatures
  A phantom (D:4)
  Crazy Yiuf (D:2)
  Jessica (D:2)
  Ijyb (D:3)
  An adder (D:3)
  2 gnolls (D:4)
  A dart slug (D:1)
  An orc (D:3)
  A ball python (D:2)
  4 bats
  7 endoplasms
  6 hobgoblins
  4 jackals (D:1)
  4 quokkas
  A frilled lizard (D:3)
  2 goblins
  2 rats (D:1)
40 creatures vanquished.

Notes
Turn   | Place    | Note
-------+----------+-------------------------------------------
     0 | D:1      | Grim the Minotaur Berserker began the quest for the Orb.
     0 | D:1      | Reached XP level 1. HP: 19/19 MP: 0/0
   264 | D:1      | Reached skill level 4 in Maces & Flails
   530 | D:1      | Reached XP level 2. HP: 26/26 MP: 1/1
  1155 | D:2      | Reached skill level 5 in Maces & Flails
  1336 | D:2      | Reached XP level 3. HP: 29/31 MP: 2/2
  1606 | D:2      | Found a runed translucent door.
  1607 | D:2      | Noticed Crazy Yiuf
  1658 | D:2      | Noticed Jessica
  1665 | D:2      | Killed Jessica
  1706 | D:2      | Found a faded altar of an unknown god.
  1788 | D:2      | Killed Crazy Yiuf
  1789 | D:2      | Reached skill level 6 in Maces & Flails
  1789 | D:2      | Reached XP level 4. HP: 39/39 MP: 3/3
  1968 | D:2      | Identified the +9 mace "Backscratcher" {drain, rN+++ Str+2
                  | Int-5}
  2293 | D:3      | Noticed Ijyb
  2301 | D:3      | HP: 1/58 [Ijyb/bolt of acid (17)]
  2302 | D:3      | Killed Ijyb
  3003 | D:4      | Noticed a phantom
  3004 | D:4      | Reached skill level 7 in Maces & Flails
  3004 | D:4      | Reached XP level 5. HP: 45/45 MP: 4/4
  3011 | D:4      | Killed a phantom
  3017 | D:4      | HP: 1/45 [gnoll (7)]
  3018 | D:4      | Slain by a gnoll

Illustrated notes

Levels and vault maps discovered:
D:1:      minmay_arrival_hallway, layout_basic, hangedman_abyss_or_decor_stabs
D:2:      layout_basic, hellmonk_ecumenical_altar_lost_god, uniq_jessica,
          uniq_crazy_yiuf_cottage
D:3:      layout_loops_cross, corexii_hall_statues_i, minmay_misc_feat_five,
          supply_closet_lemuel, minmay_misc_feat_x, minmay_misc_feat_tiny,
          uniq_ijyb
D:4:      layout_basic, nicolae_wormholes

Skill      XL: |  1  2  3  4 |
---------------+-------------+-----
Maces & Flails | 4 5 6 7 |  7.9
Fighting       | |  3.6
Armour         | |  2.4
Dodging        | |  2.1

Action                   |  1- 3 |  4- 6 || total
-------------------------+-------+-------++-------
Melee: Mace              |    49 |    17 ||    66
       Headbutt          |     8 |     2 ||    10
       Club              |     3 |       ||     3
Invok: Berserk           |     1 |     2 ||     3
 Stab: Sleeping          |       |     1 ||     1
Armor: Animal skin       |     6 |     2 ||     8
Dodge: Dodged            |    30 |    12 ||    42

Table legend: (Time is in decaauts)
 A = Elapsed time spent in this place.
 B = Non-inter-level travel time spent in this place.
 C = Inter-level travel time spent in this place.
 D = Time resting spent in this place.
 E = Time spent auto-exploring this place.
 F = Levels seen in this place.
 G = Mean time per level.
                   A        B        C        D        E       F      G
               +--------+--------+--------+--------+--------+-----+--------+
         Total |   3039 |   2928 |    111 |    583 |   2085 |   4 |  759.8 |
       Dungeon |   3039 |   2928 |    111 |    583 |   2085 |   4 |  759.8 |
               +--------+--------+--------+--------+--------+-----+--------+

Top non-repeatable levels by time:
     D:1: 1014 daAuts
     D:2: 1001 daAuts
     D:3: 987 daAuts
     D:4: 36 daAuts
